 Dungeon Crawl Stone Soup version 0.32-a0-391-gce5c0aab1b (webtiles) character file.

Game seed: 16252384847570239646

461 ytrimaz the Slasher (level 7, 0/52 HPs)
             Began as a Coglin Gladiator on Feb 19, 2024.
             Killed from afar by an orc wizard (8 damage)
             ... with a magic dart
             ... on level 4 of the Dungeon.
             The game lasted 00:03:20 (3052 turns).

ytrimaz the Slasher (Coglin Gladiator)              Turns: 3052, Time: 00:03:21

Health: 0/52       AC:  5    Str: 14    XL:     7   Next: 7%
Magic:  16/16      EV: 12    Int:  7    God:
Gold:   160        SH:  0    Dex: 18    Spells: 6/6 levels left

rFire   . . .        a - +1 long sword {Mishil}
rCold   . . .        (no shield)
rNeg    . . .        b - +0 leather armour
rPois   .            c - +1 helmet
rElec   .            (no cloak)
rCorr   .            (no gloves)
SInv    .            (no boots)
Will    .....        (no amulet)
Stlth   +            l - ring of magical power
HPRegen 0.28/turn    (no ring)
MPRegen 0.15/turn

%: no passive effects
@: revved, stiff-legged, very slow
A: off-hand wielding, slow wielding, warmup strikes, warmup strides
a: no special abilities


You were on level 4 of the Dungeon.
You visited 1 branch of the dungeon, and saw 4 of its levels.

You collected 196 gold pieces.
You spent 36 gold pieces at shops.


Innate Abilities, Weirdness & Mutations

You can wield a second weapon in your off-hand.
It takes a long time for you to wield or remove held weapons.
Your first few attacks do less damage.
Your first movements take longer.


   Skills:
 + Level 3.5 Fighting
 * Level 7.1 Long Blades
 - Level 1.7 Throwing
 - Level 2.6 Dodging


You had 6 spell levels left.
You didn't know any spells.
Your spell library contained the following spells:

 Spells                   Type           Power      Damage    Failure   Level
 Magic Dart               Conj           0%         1d3       52%         1
 Blink                    Tloc           0%         N/A       65%         2
 Call Imp                 Summ           0%         N/A       65%         2

Inventory:

Hand Weapons
 a - a +1 long sword (weapon) {Mishil}
Missiles
 d - 4 throwing nets
 e - a javelin
Armour
 b - a +0 leather armour (worn)
 c - a +1 helmet (worn)
Jewellery
 l - a ring of magical power (left grasper)
   (You found it on level 2 of the Dungeon)
Wands
 h - a wand of polymorph (9)
   (You found it on level 4 of the Dungeon)
 r - a wand of iceblast (2) (quivered)
   (You took it off Ijyb on level 3 of the Dungeon)
Scrolls
 f - a scroll of noise
 i - a scroll of immolation
 k - a scroll of teleportation
 m - a scroll of fear
 o - a scroll of enchant weapon
 q - 2 scrolls of blinking
Potions
 j - a potion of mutation {unknown}
 p - a potion of haste {unknown}

Dungeon Overview and Level Annotations

Branches:
Dungeon (4/15) Zot: 20776
 Temple: D:4-7

Altars:
Kikubaaqudgha

Shops:
D:1

* .# #)####...##....#.####.
.# #))..)............... .#
#.####...##....#.#..# .###.#
##.####.....#..#
.#.).#####.####.#.###..#
.#......##........###..#
##...##.#######.####...####.
##..##.# #.##{........o
#..##.# #.@))...#####.
#..##.# ####)#.## #..##.#
#.#.# #..##.# ..... #..##.#
##.#.## #.# #.#.# #.#.#
#.#.#


There were no monsters in sight!


Message History

An orc wizard comes into view. It is wielding a +0 dagger.
You see here a +0 halberd. 😎 HP[+9]
Your hp is fully restored (47).
An orc wizard is nearby!
An orc wizard is nearby!
An orc wizard is nearby!
An orc wizard is nearby!
The orc wizard shouts!
Things that are here:
a +0 spear; a gnoll skeleton Unknown command.
The orc wizard gestures at you while chanting.
You resist with some effort. The orc wizard completely misses you.
You hit the orc wizard.
The orc wizard hits you but does no damage.
Unknown command.
You slash the orc wizard!
The orc wizard hits you but does no damage.
You hit the orc wizard.
You kill the orc wizard!
Your Long Blades skill increases to level 7!
You have reached level 7! 😎 HP[+5] MP[+1]
You now have 52 max hp (+5).
Your hp is fully restored (52).
Your mp is fully restored (16).
You see here a +0 halberd.
Things that are here:
a +0 short sword; a kobold corpse
Found a stone staircase leading down.
There is a stone staircase leading down here.
An orc and an iguana come into view.
The orc is wielding a +0 whip of holy wrath.
There are monsters nearby!
There are monsters nearby!
There are monsters nearby!
An orc comes into view. It is wielding a +0 hand axe.
The orc shouts! x2; You hear a shout!
An orc wizard comes into view. It is wielding a +0 dagger.
An orc comes into view. It is wielding a +0 falchion.
The iguana attacks as it pursues you! The iguana closely misses you.
The iguana attacks as it pursues you! The iguana misses you.
There is a stone staircase leading down here.
You hit the iguana but do no damage. The iguana bites you! 😕 HP[-9]
You take 9 damage, and now have 43/52 hp.
Unknown command.
The orc wizard shouts!
You hit the iguana but do no damage. The iguana bites you.
The orc wizard mumbles some strange words.
The orc wizard flickers and vanishes!
Deactivating autopickup; reactivate with Ctrl-A.
You hit the iguana but do no damage. The iguana bites you!
The iguana closely misses you. 😮 HP[-8]
You take 8 damage, and now have 35/52 hp.
Unknown command.
You slash the iguana! The iguana closely misses you.
You hit the iguana but do no damage.
The iguana bites you but does no damage. 😮 HP[+1] Unknown command.
You slash the iguana! The iguana bites you. 😮 HP[-6]
You take 6 damage, and now have 30/52 hp.
You hit the iguana.
You kill the iguana!
You closely miss the orc.
The orc hits you with a +0 whip of holy wrath.
* * * LOW HITPOINT WARNING * * *
😨 HP[-4]
You take 4 damage, and now have 26/52 hp.
You hit the orc.
The orc hits you with a +0 whip of holy wrath.
* * * LOW HITPOINT WARNING * * *
😨 HP[-1]
You take 1 damage, and now have 25/52 hp.
Unknown command.
You completely miss the orc. The orc closely misses you.
You hit the orc.
The orc hits you with a +0 whip of holy wrath.
* * * LOW HITPOINT WARNING * * *
Unknown command. 😨 HP[-5]
You take 5 damage, and now have 20/52 hp.
Aiming: Iceblast
Press: ? - help, Q - select action, (/) - cycle Shift-Dir - straight line, f - orc
Aim: an orc, wielding a +0 whip of holy wrath (heavily wounded)
The mass of ice explodes!
The iceblast engulfs the orc!
You kill the orc!
The iceblast engulfs you!
* * * LOW HITPOINT WARNING * * *
The iceblast engulfs the orc!
You kill the orc!
The iceblast engulfs something!
The iceblast engulfs the orc!
You kill the orc!
A magic dart appears from out of thin air!
The magic dart hits you!
You die...

Skill      XL: |  1  2  3  4  5  6 |
---------------+-------------------+-----
Long Blades    | 4 5 6 7 |  7.1
Fighting       | 3 |  3.5
Throwing       | |  1.7
Dodging        | |  2.6

Action                     |  1- 3 |  4- 6 |  7- 9 || total
---------------------------+-------+-------+-------++-------
  Melee: Long sword        |    81 |   153 |    11 ||   245
  Throw: Throwing net      |       |     2 |       ||     2
  Evoke: Wand              |       |     1 |     1 ||     2
    Use: Scroll            |     3 |     5 |       ||     8
         Potion            |       |     3 |       ||     3
   Stab: Sleeping          |       |     2 |       ||     2
         Held in net/web   |       |     1 |       ||     1
 Armour: Leather armour    |    61 |   107 |    10 ||   178
  Dodge: Dodged            |    83 |   101 |     5 ||   189

Levels and vault maps discovered:
D:1:      elethiomel_arrival_infinity_welcomes_careful_drivers, layout_rooms,
          basic_ecumenical_altar, serial_shops, nicolae_shop_peninsula
D:2:      layout_basic
D:3:      layout_basic, uniq_ijyb, uniq_jessica
D:4:      black_bear_nest_1, layout_loops_ring, kennysheep_little_box,
          fedhas_altar_4, okawaru_altar_gauntlet_db

Notes
Turn   | Place    | Note
-------+----------+-------------------------------------------
     0 | D:1      | ytrimaz the Coglin Gladiator began the quest for the Orb.
     0 | D:1      | Reached XP level 1. HP: 16/16 MP: 1/1
     0 | D:1      | magus.rc [v1.9.6]
    88 | D:1      | Reached XP level 2. HP: 22/22 MP: 2/2
   107 | D:1      | Found Murabiha's General Store.
   322 | D:1      | Found a faded altar of an unknown god.
   343 | D:1      | Bought a potion of curing for 36 gold pieces
   367 | D:1      | Reached skill level 4 in Long Blades
   499 | D:1      | Reached XP level 3. HP: 27/27 MP: 3/3
   815 | D:2      | You pick up a book of Minor Magic and begin reading...
   815 | D:2      | You add the spells Magic Dart, Blink and Call Imp to your
                  | library.
  1062 | D:2      | Reached XP level 4. HP: 27/33 MP: 4/4
  1275 | D:2      | Reached skill level 5 in Long Blades
  1708 | D:3      | Noticed Jessica
  1716 | D:3      | Killed Jessica
  1813 | D:3      | Reached XP level 5. HP: 38/38 MP: 5/5
  2072 | D:3      | Noticed Ijyb
  2082 | D:3      | Killed Ijyb
  2183 | D:4      | Reached skill level 6 in Long Blades
  2233 | D:4      | Found an ancient bone altar of Kikubaaqudgha.
  2360 | D:4      | Reached XP level 6. HP: 29/46 MP: 6/6
  2481 | D:4      | Noticed a black bear
  2494 | D:4      | Killed a black bear
  2495 | D:4      | Reached skill level 3 in Fighting
  2770 | D:4      | HP: 7/47 [shot self (15)]
  2997 | D:4      | Reached skill level 7 in Long Blades
  2997 | D:4      | Reached XP level 7. HP: 52/52 MP: 7/7
  3052 | D:4      | HP: 7/52 [shot self (13)]
  3052 | D:4      | Killed from afar by an orc wizard

Vanquished Creatures
  A black bear (D:4)
  Jessica (D:3)
  An iguana (D:4)
  Ijyb (D:3)
  3 orc wizards (D:4)
  4 gnolls (D:4)
  A white imp (D:4)
  2 dart slugs
  2 ribbon worms (D:4)
  16 orcs (D:4)
  8 endoplasms
  4 giant cockroaches
  10 goblins
  7 hobgoblins
  4 jackals (D:2)
  3 quokkas
  6 ball pythons
  2 bats
  5 frilled lizards
  8 kobolds
  4 rats
93 creatures vanquished.

Table legend:
 A = Non-vault XP
 B = Vault XP
 C = Vault XP percentage of total XP
 D = Non-vault monster count
 E = Vault monster count
 F = Vault count percentage of total count
                 A         B        C        D         E       F
            +---------+---------+-------+---------+---------+-------
      Total |     448 |     223 |  33.2 |      84 |       9 |   9.7
            +---------+---------+-------+---------+---------+-------
        D:1 |      34 |       0 |   0.0 |      13 |       0 |   0.0
        D:2 |      74 |       0 |   0.0 |      27 |       0 |   0.0
        D:3 |      39 |      75 |  65.8 |      14 |       2 |  12.5
        D:4 |     301 |     148 |  33.0 |      30 |       7 |  18.9
            +---------+---------+-------+---------+---------+-------

Skill      XL: |  1  2  3  4  5  6 |
---------------+-------------------+-----
Long Blades    | 4 5 6 7 |  7.1
Fighting       | 3 |  3.5
Throwing       | |  1.7
Dodging        | |  2.6

Action                     |  1- 3 |  4- 6 |  7- 9 || total
---------------------------+-------+-------+-------++-------
  Melee: Long sword        |    81 |   153 |    11 ||   245
  Throw: Throwing net      |       |     2 |       ||     2
  Evoke: Wand              |       |     1 |     1 ||     2
    Use: Scroll            |     3 |     5 |       ||     8
         Potion            |       |     3 |       ||     3
   Stab: Sleeping          |       |     2 |       ||     2
         Held in net/web   |       |     1 |       ||     1
 Armour: Leather armour    |    61 |   107 |    10 ||   178
  Dodge: Dodged            |    83 |   101 |     5 ||   189

Illustrated notes

Table legend:
 A = Kills in this place as a percentage of kills in the entire game.
 B = Kills by you in this place as a percentage of kills by you in the entire game.
 C = Kills by friends in this place as a percentage of kills by friends in the entire game.
 D = Other kills in this place as a percentage of other kills in the entire game.
 E = Experience gained in this place as a percentage of experience gained in the entire game.
 F = Experience gained in this place divided by the number of levels of this place that you have seen.
                   A       B       C       D       E      F
               +-------+-------+-------+-------+-------+----------------------
         Total | 100.0 | 100.0 |   N/A |   N/A | 100.0 | 167.8
       Dungeon | 100.0 | 100.0 |   N/A |   N/A | 100.0 | 167.8
               +-------+-------+-------+-------+-------+----------------------

Table legend: (Time is in decaauts)
 A = Elapsed time spent in this place.
 B = Non-inter-level travel time spent in this place.
 C = Inter-level travel time spent in this place.
 D = Time resting spent in this place.
 E = Time spent auto-exploring this place.
 F = Levels seen in this place.
 G = Mean time per level.
                   A        B        C        D        E       F      G
               +--------+--------+--------+--------+--------+-----+--------+
         Total |   3222 |   3153 |     69 |      0 |   2434 |   4 |  805.5 |
       Dungeon |   3222 |   3153 |     69 |      0 |   2434 |   4 |  805.5 |
               +--------+--------+--------+--------+--------+-----+--------+

Top non-repeatable levels by time:
     D:4: 912 daAuts
     D:1: 805 daAuts
     D:2: 787 daAuts
     D:3: 718 daAuts
